 Dungeon Crawl Stone Soup version 0.24.0-123-gd5b16e6ec5 (webtiles) character file.

Game seed: 202139644814498318, levelgen mode: deterministic

547 UncannyWally the Covert (level 7, -3/34 HPs)
             Began as a Vampire Assassin on Feb 2, 2020.
             Blown up by Ijyb (26 damage)
             ... with a disintegration bolt
             ... on level 5 of the Dungeon.
             The game lasted 00:10:10 (3833 turns).

UncannyWally the Covert (Vampire Assassin)          Turns: 3833, Time: 00:10:11

Health: -3/34      AC:  6    Str: 12    XL:     7   Next: 7%
Magic:  7/7        EV: 12    Int: 15    God:
Gold:   219        SH:  0    Dex: 16    Spells: 6/6 levels left

rFire    . . .     SeeInvis +   a - +2 dagger
rCold    + + .     Gourm    .   (no shield)
rNeg     + + +     Faith    .   C - +1 robe "Xoshaucho" {rN+ MR+ Str+2}
rPois    ∞         Spirit   .   (no helmet)
rElec    .         Reflect  .   c - +0 cloak
rCorr    .         Harm     .   B - +0 pair of gloves
MR       +....                  w - +0 pair of boots
Stlth    +++++++...             (no amulet)
HPRegen  0.00/turn              (no ring)
MPRegen  0.10/turn              (no ring)

@: bloodless
A: no food, fangs 3, see invisible, [frail 1], unbreathing
a: Bat Form, Revivify


You were on level 5 of the Dungeon.
You were bloodless.

You visited 1 branch of the dungeon, and saw 5 of its levels.

You collected 219 gold pieces.

Inventory:

Hand Weapons
 a - a +2 dagger (weapon)
 q - a +4 quarterstaff of chaos
Missiles
 d - 22 poisoned darts (quivered)
 e - a curare-tipped dart
Armour
 c - a +0 cloak (worn)
 w - a +0 pair of boots (worn)
 B - a +0 pair of gloves (worn)
 C - the +1 robe "Xoshaucho" (worn) {rN+ MR+ Str+2}
   (You found it on level 4 of the Dungeon)

   It affects your strength (+2).
   It protects you from negative energy.
   It affects your resistance to hostile enchantments.
Scrolls
 g - 3 scrolls of identify {unknown}
 i - 3 scrolls of enchant weapon {unknown}
 j - 3 scrolls of noise {unknown}
 k - a scroll of blinking {unknown}
 l - 7 scrolls of remove curse {unknown}
 n - a scroll of fog {unknown}
 u - 3 scrolls of teleportation {unknown}
 v - 3 scrolls of enchant armour {unknown}
 x - a scroll of fear {unknown}
 y - a scroll of immolation {unknown}
Potions
 b - a potion of ambrosia {unknown}
 f - 3 potions of heal wounds
 h - a potion of invisibility {unknown}
 m - 3 potions of curing {unknown}
 o - 3 potions of haste
 p - a potion of berserk rage {unknown}
 s - a potion of cancellation {unknown}
 t - a potion of mutation {unknown}
 z - a potion of degeneration {unknown}
 A - a potion of agility {unknown}


   Skills:
 - Level 1.7 Fighting
 + Level 5.2 Short Blades
 - Level 1.5 Throwing
 - Level 1.1 Dodging
 - Level 11.0 Stealth


You had 6 spell levels left.
You didn't know any spells.
Your spell library was empty.

Dungeon Overview and Level Annotations

Branches:
Dungeon (5/15)
 Temple: D:4-7

Altars:

Annotations:
D:5 Ijyb


Innate Abilities, Weirdness & Mutations

You do not eat.
You do not regenerate when monsters are visible.
You are frail without blood (-20% HP).
You can heal yourself when you bite living creatures.
You are immune to poison.
You have razor-sharp teeth.
You have supernaturally acute eyesight. (SInv)
You can survive without breathing.
[You are frail. (-10% HP)]


Message History

Fire/throw which item? (* to show all) (? for menu, Esc to quit)
Throwing (i - inventory. (/) - cycle)
d - 22 poisoned darts (quivered)
Press: ? - help, Shift-Dir - straight line, f - Ijyb
Aim: Ijyb, wearing a +0 scale mail and carrying a wand of disintegration (12)
You throw a curare-tipped dart. The curare-tipped dart hits Ijyb.
Ijyb is poisoned.
Ijyb convulses.
Ijyb seems to slow down.
Ijyb is heavily wounded.
Ijyb hits you.
You hit Ijyb but do no damage. Your bite misses Ijyb.
Ijyb is heavily wounded.
You barely miss Ijyb.
Ijyb is heavily wounded.
Ijyb zaps a wand.
You easily resist.
You closely miss Ijyb.
Ijyb is heavily wounded.
You hit Ijyb but do no damage.
Ijyb is heavily wounded.
Ijyb zaps a wand.
You are blasted!
Ouch! That really hurt!
You die...

#.g#.....##
#.!........
#...#....%.##
#.###.##...###
.[.#..........#
#######.#.##..####
#....g....#......#
#g#.........#.#.##
#@#.###...#.#.#..#
#.#.......#......#
#.#.......###.#...
#................#
###.###.......#..#
#..........##.#..#
.#######.......#.)#
.............#.....
.#######...#.#.####


You could see Ijyb.

Vanquished Creatures
  Menkaure (D:4)
  Edmund (D:4)
  A hound (D:5)
  Crazy Yiuf (D:2)
  A bullfrog skeleton (D:4)
  2 worker ants
  5 adders
  A shadow imp (D:5)
  4 oozes
  4 worms
  3 dart slugs
  7 leopard geckos
  4 orcs (D:4)
  2 ball pythons
  6 bats
  5 giant cockroaches
  11 goblins
  7 hobgoblins
  4 jackals
  9 kobolds
  A quokka (D:4)
  7 frilled lizards
  7 rats
94 creatures vanquished.

Notes
Turn   | Place    | Note
-------+----------+-------------------------------------------
     0 | D:1      | UncannyWally the Vampire Assassin began the quest for the
                  | Orb.
     0 | D:1      | Reached XP level 1. HP: 16/16 MP: 1/1
    80 | D:1      | Reached skill level 6 in Stealth
   107 | D:1      | Reached XP level 2. HP: 14/22 MP: 2/2
   212 | D:1      | Reached skill level 7 in Stealth
   596 | D:1      | Reached XP level 3. HP: 21/21 MP: 3/3
   842 | D:2      | Reached skill level 8 in Stealth
  1176 | D:2      | Reached XP level 4. HP: 26/26 MP: 4/4
  1605 | D:2      | Found a runed translucent door.
  1606 | D:2      | Noticed Crazy Yiuf
  1887 | D:2      | Killed Crazy Yiuf
  2135 | D:3      | Reached XP level 5. HP: 30/30 MP: 5/5
  2156 | D:3      | Reached skill level 9 in Stealth
  3053 | D:4      | Reached skill level 10 in Stealth
  3281 | D:4      | Noticed Edmund
  3308 | D:4      | Killed Edmund
  3308 | D:4      | Reached skill level 11 in Stealth
  3308 | D:4      | Reached XP level 6. HP: 35/35 MP: 6/6
  3368 | D:4      | Noticed Menkaure
  3410 | D:4      | Killed Menkaure
  3499 | D:4      | Got a faintly humming robe
  3687 | D:4      | Identified the +1 robe "Xoshaucho" {rN+ MR+ Str+2} (You
                  | found it on level 4 of the Dungeon)
  3720 | D:5      | Entered Level 5 of the Dungeon
  3800 | D:5      | Noticed Ijyb
  3827 | D:5      | Reached skill level 5 in Short Blades
  3827 | D:5      | Reached XP level 7. HP: 25/34 MP: 7/7
  3833 | D:5      | Blown up by Ijyb

Levels and vault maps discovered:
D:1:      giann_forest_graveyard, layout_loops_ring
D:2:      layout_loops_ring, uniq_crazy_yiuf_cottage
D:3:      layout_rooms, serial_rivers, chequers_serial_rivers_room_b,
          chequers_serial_rivers_micro_c, chequers_serial_rivers_micro_c,
          chequers_serial_rivers_room_b, first_ration
D:4:      layout_basic, uniq_edmund, uniq_menkaure
D:5:      layout_basic, serial_shops, shop, minivault_24, uniq_grinder,
          uniq_ijyb

Skill      XL: |  1  2  3  4  5  6 |
---------------+-------------------+-----
Stealth        | 6 7 8 11 | 11.0
Short Blades   | 3 5 |  5.2
Fighting       | |  1.7
Throwing       | |  1.5
Dodging        | |  1.1

Action                   |  1- 3 |  4- 6 |  7- 9 || total
-------------------------+-------+-------+-------++-------
Melee: Dagger            |    90 |   166 |     5 ||   261
       Bite              |     6 |    14 |     1 ||    21
Throw: Dart              |     9 |     8 |     1 ||    18
 Abil: Exsanguinate      |     1 |     1 |       ||     2
       Revivify          |       |     1 |       ||     1
  Use: Potion            |       |     1 |       ||     1
 Stab: Sleeping          |    17 |    28 |       ||    45
Armor: Robe              |    24 |    28 |       ||    52
Dodge: Dodged            |    41 |    84 |       ||   125
